TOP OF THE 1ST |
Milwaukee Brewers batting - Pitching for Cincinnati Reds : RHP Felix Hernandez
|
Pitching: RHP Felix Hernandez
|
|
Batting: LHB Jeff McNeil
|
0-0: Called Strike 0-1: Ball 1-1: Foul Ball, location: 2F 1-2: Foul Ball, location: 2F 1-2: Ball 2-2: Ball 3-2: Base on Balls
|
Batting: RHB Eugenio Suarez
|
0-0: Called Strike 0-1: Foul Ball, location: 2F 0-2: SINGLE (Flyball, 78S, EV 94.4 MPH) Jeff McNeil to second
|
Batting: RHB Aaron Judge
|
0-0: Ball 1-0: Ball 2-0: Ball 3-0: Base on Balls Jeff McNeil to third Eugenio Suarez to second
|
Batting: LHB Eric Hosmer
|
0-0: Ball 1-0: Fly out, F3 (Popup, 3SF, EV 85.0 MPH)
|
Batting: RHB Tommy Pham
|
0-0: Grounds into fielders choice 2-2 (Groundball, 13S, EV 63.8 MPH) Eugenio Suarez to third Aaron Judge to second
|
Batting: RHB Gary Sanchez
|
0-0: Fielders Choice at 2nd, 6-4 (Groundball, 6, EV 87.5 MPH)
|
Top of the 1st over - 0 runs, 1 hit, 0 errors, 3 left on base; Milwaukee 0 - Cincinnati 0 |
BOTTOM OF THE 1ST |
Cincinnati Reds batting - Pitching for Milwaukee Brewers : LHP Yusei Kikuchi
|
Pitching: LHP Yusei Kikuchi
|
|
Batting: RHB Trea Turner
|
0-0: Foul Ball, location: 2F 0-1: Ball 1-1: Ball 2-1: Ground out 5-3 (Groundball, 5, EV 90.6 MPH)
|
Batting: LHB Robinson Cano
|
0-0: Ball 1-0: Called Strike 1-1: Hit by Pitch
|
Batting: LHB Gregory Polanco
|
0-0: Called Strike 0-1: Swinging Strike 0-2: Foul Ball, location: 2F 0-2: Ball 1-2: Strikes out swinging
|
Batting: LHB Joey Gallo
|
0-0: Foul Ball, location: 2F 0-1: Foul Ball, location: 2F 0-2: Ball 1-2: Fielders Choice at 2nd, U6 (Groundball, 4, EV 83.1 MPH)
|
Bottom of the 1st over - 0 runs, 0 hits, 0 errors, 1 left on base; Milwaukee 0 - Cincinnati 0 |
TOP OF THE 2ND |
Milwaukee Brewers batting - Pitching for Cincinnati Reds : RHP Felix Hernandez
|
Batting: RHB Addison Russell
|
0-0: Ball 1-0: Foul Ball, location: 2F 1-1: Swinging Strike 1-2: Strikes out swinging
|
Batting: LHB Yusei Kikuchi
|
0-0: Fly out, F7 (Flyball, 7S, EV 88.8 MPH)
|
Batting: LHB Jon Jay
|
0-0: Ball 1-0: Swinging Strike 1-1: SINGLE (Groundball, 6D, EV 106.9 MPH)
|
Batting: LHB Jeff McNeil
|
0-0: Swinging Strike 0-1: Swinging Strike 0-2: Fly out, F6 (Line Drive, 6, EV 71.3 MPH)
|
Top of the 2nd over - 0 runs, 1 hit, 0 errors, 1 left on base; Milwaukee 0 - Cincinnati 0 |
BOTTOM OF THE 2ND |
Cincinnati Reds batting - Pitching for Milwaukee Brewers : LHP Yusei Kikuchi
|
Batting: RHB Francisco Cervelli
|
0-0: Ball 1-0: Ball 2-0: Ball 3-0: Base on Balls
|
Batting: RHB Hanley Ramirez
|
0-0: Reached on error, E5 (Groundball, 56S, EV 82.5 MPH) Francisco Cervelli to second
|
Batting: RHB Chad Pinder
|
0-0: Foul Ball, location: 2F 0-1: Ball 1-1: Foul Ball, location: 2F 1-2: Ball 2-2: Ball 3-2: Fly out, F8 (Line Drive, 8RD, EV 104.4 MPH)
|
Batting: LHB Jarrod Dyson
|
0-0: Called Strike 0-1: Ball 1-1: SINGLE (Flyball, 89S, EV 86.3 MPH) Francisco Cervelli to third Hanley Ramirez to second
|
Batting: RHB Felix Hernandez
|
0-0: Ball 1-0: Fly out, F8 (Line Drive, 8LD, EV 95.0 MPH) Runner from 3rd tags up, SCORES, no throw by CF
|
Batting: RHB Trea Turner
|
0-0: Called Strike 0-1: Ball 1-1: Ball 2-1: Fly out, F8 (Flyball, 8RD, EV 96.3 MPH)
|
Bottom of the 2nd over - 1 run, 1 hit, 1 error, 2 left on base; Milwaukee 0 - Cincinnati 1 |
TOP OF THE 3RD |
Milwaukee Brewers batting - Pitching for Cincinnati Reds : RHP Felix Hernandez
|
Batting: RHB Eugenio Suarez
|
0-0: Foul Ball, location: 2F 0-1: Ball 1-1: Called Strike 1-2: Strikes out swinging, 2-3 out at first.
|
Batting: RHB Aaron Judge
|
0-0: Ball 1-0: Ball 2-0: Ball 3-0: Foul Ball, location: 2F 3-1: Foul Ball, location: 2F 3-2: Base on Balls
|
Batting: LHB Eric Hosmer
|
0-0: Ball 1-0: Ball Wild Pitch! Aaron Judge to second 2-0: Foul Ball, location: 2F 2-1: Ball 3-1: Swinging Strike 3-2: Base on Balls
|
Batting: RHB Tommy Pham
|
0-0: Ball 1-0: Called Strike 1-1: Foul Ball, location: 2F 1-2: Foul Ball, location: 2F 1-2: Ball 2-2: Ball 3-2: Foul Ball, location: 2F 3-2: Ground out U3 (Groundball, 34S, EV 64.4 MPH) Aaron Judge to third Eric Hosmer to second
|
Batting: RHB Gary Sanchez
|
0-0: Called Strike 0-1: Ball 1-1: SINGLE (Line Drive, 9S, EV 108.8 MPH) Aaron Judge scores Eric Hosmer to third
|
Batting: RHB Addison Russell
|
0-0: Called Strike 0-1: Ball 1-1: Foul Ball, location: 2F 1-2: Ball 2-2: SINGLE (Groundball, 34D, EV 95.6 MPH) Eric Hosmer scores Gary Sanchez to second Runner from 2nd tries for 3rd, SAFE, throw by RF made to third
|
Batting: LHB Yusei Kikuchi
|
0-0: Ball 1-0: Ground out 4-3 (Groundball, 4, EV 107.5 MPH)
|
Top of the 3rd over - 2 runs, 2 hits, 0 errors, 2 left on base; Milwaukee 2 - Cincinnati 1 |
BOTTOM OF THE 3RD |
Cincinnati Reds batting - Pitching for Milwaukee Brewers : LHP Yusei Kikuchi
|
Batting: LHB Robinson Cano
|
0-0: Called Strike 0-1: SOLO HOME RUN (Flyball, 9LD, EV 92.5 MPH), Distance : 345 ft
|
Batting: LHB Gregory Polanco
|
0-0: Swinging Strike 0-1: Ball 1-1: Ball 2-1: Foul Ball, location: 2F 2-2: Strikes out swinging, 2-3 out at first.
|
Batting: LHB Joey Gallo
|
0-0: Ball 1-0: Ball 2-0: Foul Ball, location: 2F 2-1: Foul Ball, location: 2F 2-2: Foul Ball, location: 2F 2-2: Foul Ball, location: 2F 2-2: Ball 3-2: Foul Ball, location: 2F 3-2: SINGLE (Groundball, 4MD, EV 101.3 MPH)
|
Batting: RHB Francisco Cervelli
|
0-0: Called Strike 0-1: Ball 1-1: Swinging Strike 1-2: Grounds into double play, 6-4-3 (Groundball, 6, EV 86.9 MPH)
|
Bottom of the 3rd over - 1 run, 2 hits, 0 errors, 0 left on base; Milwaukee 2 - Cincinnati 2 |
TOP OF THE 4TH |
Milwaukee Brewers batting - Pitching for Cincinnati Reds : RHP Felix Hernandez
|
Batting: LHB Jon Jay
|
0-0: SINGLE (Line Drive, 6D, EV 99.4 MPH)
|
Batting: LHB Jeff McNeil
|
0-0: Ball 1-0: Called Strike 1-1: Foul Ball, location: 2F 1-2: Ball 2-2: Foul Ball, location: 2F 2-2: Ball 3-2: Fielders Choice at 2nd, 5-4 (Groundball, 56, EV 106.9 MPH)
|
Batting: RHB Eugenio Suarez
|
0-0: 2-RUN HOME RUN (Flyball, 9D, EV 79.4 MPH), Distance : 372 ft
|
Batting: RHB Aaron Judge
|
0-0: Ball 1-0: Called Strike 1-1: Ball 2-1: Called Strike 2-2: Ball 3-2: Foul Ball, location: 2F 3-2: Ground out 5-3 (Groundball, 5, EV 85.6 MPH)
|
Batting: LHB Eric Hosmer
|
0-0: SINGLE (Flyball, 78M, EV 85.0 MPH)
|
Batting: RHB Tommy Pham
|
0-0: Ball 1-0: Ball 2-0: Foul Ball, location: 2F 2-1: Foul Ball, location: 2F 2-2: Strikes out swinging
|
Top of the 4th over - 2 runs, 3 hits, 0 errors, 1 left on base; Milwaukee 4 - Cincinnati 2 |
BOTTOM OF THE 4TH |
Cincinnati Reds batting - Pitching for Milwaukee Brewers : LHP Yusei Kikuchi
|
Batting: RHB Hanley Ramirez
|
0-0: Ball 1-0: SINGLE (Line Drive, 7S, EV 89.4 MPH)
|
Batting: RHB Chad Pinder
|
0-0: Called Strike 0-1: Swinging Strike 0-2: Ball 1-2: Strikes out swinging
|
Batting: LHB Jarrod Dyson
|
0-0: Called Strike 0-1: Ball 1-1: Foul Ball, location: 2F 1-2: Foul Ball, location: 2F 1-2: Single, Error in OF, E9, batter to second base (Line Drive, 9S, EV 98.8 MPH) Hanley Ramirez to third
|
Pinch Hitting: RHB Phil Ervin
|
0-0: Foul Ball, location: 2F 0-1: Called Strike 0-2: Ground out 1-3 (Groundball, 34S, EV 71.9 MPH)
|
Batting: RHB Trea Turner
|
0-0: Fly out, F8 (Flyball, 8RM, EV 84.4 MPH)
|
Bottom of the 4th over - 0 runs, 2 hits, 1 error, 2 left on base; Milwaukee 4 - Cincinnati 2 |
TOP OF THE 5TH |
Milwaukee Brewers batting - Pitching for Cincinnati Reds : RHP Felix Hernandez
|
Pitching: LHP Ryan Sherriff
|
|
Batting: RHB Gary Sanchez
|
0-0: Called Strike 0-1: Called Strike 0-2: Ball 1-2: Foul Ball, location: 2F 1-2: Ball 2-2: Ball 3-2: Strikes out looking
|
Batting: RHB Addison Russell
|
0-0: Swinging Strike 0-1: Foul Ball, location: 2F 0-2: Ball 1-2: Strikes out swinging
|
Batting: LHB Yusei Kikuchi
|
0-0: Ball 1-0: Ground out 4-3 (Groundball, 4S, EV 95.0 MPH)
|
Top of the 5th over - 0 runs, 0 hits, 0 errors, 0 left on base; Milwaukee 4 - Cincinnati 2 |
BOTTOM OF THE 5TH |
Cincinnati Reds batting - Pitching for Milwaukee Brewers : LHP Yusei Kikuchi
|
Batting: LHB Robinson Cano
|
0-0: Swinging Strike 0-1: Swinging Strike 0-2: Ball 1-2: Foul Ball, location: 2F 1-2: Foul Ball, location: 2F 1-2: Ball 2-2: Strikes out swinging
|
Batting: LHB Gregory Polanco
|
0-0: Called Strike 0-1: Ball 1-1: Ball 2-1: Ground out 6-3 (Groundball, 4M, EV 83.8 MPH)
|
Batting: LHB Joey Gallo
|
0-0: Ball 1-0: SOLO HOME RUN (Flyball, 9D, EV 91.9 MPH), Distance : 374 ft
|
Batting: RHB Francisco Cervelli
|
0-0: SINGLE (Groundball, 4D, EV 110.6 MPH)
|
Batting: RHB Hanley Ramirez
|
0-0: Called Strike 0-1: Ball 1-1: Ball 2-1: Ball 3-1: Fly out, F9 (Flyball, 89M, EV 88.1 MPH)
|
Bottom of the 5th over - 1 run, 2 hits, 0 errors, 1 left on base; Milwaukee 4 - Cincinnati 3 |
TOP OF THE 6TH |
Milwaukee Brewers batting - Pitching for Cincinnati Reds : LHP Ryan Sherriff
|
Batting: LHB Jon Jay
|
0-0: Called Strike 0-1: Ball 1-1: Ball 2-1: Ball 3-1: Base on Balls
|
Batting: LHB Jeff McNeil
|
0-0: Ball 1-0: Called Strike 1-1: Swinging Strike 1-2: Ball 2-2: Strikes out looking
|
Pitching: RHP Edgar Santana
|
|
Now at 1B: Ji-man Choi
|
|
Batting: RHB Eugenio Suarez
|
0-0: Swinging Strike 0-1: Ball 1-1: Ball 2-1: Called Strike 2-2: SINGLE (Flyball, 89S, EV 85.6 MPH) Jon Jay to second
|
Batting: RHB Aaron Judge
|
0-0: Called Strike 0-1: Ball 1-1: Ball 2-1: Foul Ball, location: 2F 2-2: Strikes out swinging
|
Batting: LHB Eric Hosmer
|
0-0: Ball 1-0: Called Strike 1-1: Foul Ball, location: 2F 1-2: Ball 2-2: Strikes out swinging
|
Top of the 6th over - 0 runs, 1 hit, 0 errors, 2 left on base; Milwaukee 4 - Cincinnati 3 |
BOTTOM OF THE 6TH |
Cincinnati Reds batting - Pitching for Milwaukee Brewers : LHP Yusei Kikuchi
|
Pitching: RHP Shawn Armstrong
|
|
Batting: RHB Chad Pinder
|
0-0: Ball 1-0: Ball 2-0: Called Strike 2-1: Foul Ball, location: 2F 2-2: Ball 3-2: SINGLE (Groundball, 56, EV 101.9 MPH)
|
Batting: LHB Jarrod Dyson
|
0-0: Ball 1-0: Fly out, F8 (Flyball, 8RD, EV 90.6 MPH)
|
Batting: LHB Ji-man Choi
|
0-0: Ball 1-0: Swinging Strike 1-1: Swinging Strike 1-2: Ball 2-2: Foul Ball, location: 2F 2-2: Strikes out swinging
|
Batting: RHB Trea Turner
|
0-0: Swinging Strike 0-1: Ball 1-1: Ball 2-1: Fielders Choice at 2nd, 6-4 (Groundball, 6, EV 87.5 MPH)
|
Bottom of the 6th over - 0 runs, 1 hit, 0 errors, 1 left on base; Milwaukee 4 - Cincinnati 3 |
TOP OF THE 7TH |
Milwaukee Brewers batting - Pitching for Cincinnati Reds : RHP Edgar Santana
|
Pitching: RHP Bruce Rondon
|
|
Batting: RHB Tommy Pham
|
0-0: Ball 1-0: Ball 2-0: Called Strike 2-1: Called Strike 2-2: Strikes out swinging
|
Batting: RHB Gary Sanchez
|
0-0: Fly out, F8 (Line Drive, 8RD, EV 93.1 MPH)
|
Batting: RHB Addison Russell
|
0-0: Called Strike 0-1: Ball 1-1: Foul Ball, location: 2F 1-2: Ball 2-2: Foul Ball, location: 2F 2-2: Ball 3-2: Strikes out looking
|
Top of the 7th over - 0 runs, 0 hits, 0 errors, 0 left on base; Milwaukee 4 - Cincinnati 3 |
BOTTOM OF THE 7TH |
Cincinnati Reds batting - Pitching for Milwaukee Brewers : RHP Shawn Armstrong
|
Pitching: RHP DJ Johnson
|
|
Batting: LHB Robinson Cano
|
0-0: Ball 1-0: Ball 2-0: Ball 3-0: Base on Balls
|
Batting: LHB Gregory Polanco
|
0-0: 2-RUN HOME RUN (Flyball, 7D, EV 106.9 MPH), Distance : 391 ft
|
Batting: LHB Joey Gallo
|
0-0: Called Strike 0-1: Called Strike 0-2: Ball 1-2: Ball 2-2: Ground out 6-3 (Groundball, 4M, EV 86.9 MPH)
|
Batting: RHB Francisco Cervelli
|
0-0: Called Strike 0-1: Swinging Strike 0-2: Strikes out swinging passed ball, reaches first!
|
Pinch Hitting: LHB Dustin Fowler
|
0-0: Swinging Strike 0-1: Ball 1-1: Ball 2-1: Ball 3-1: Base on Balls Francisco Cervelli to second
|
Pitching: RHP Joey Krehbiel
|
|
Batting: RHB Chad Pinder
|
0-0: Called Strike 0-1: Foul Ball, location: 2F 0-2: Ball 1-2: Strikes out looking
|
Batting: LHB Jarrod Dyson
|
0-0: Foul Ball, location: 2F 0-1: Ball 1-1: Ball 2-1: Foul Ball, location: 2F 2-2: Ball 3-2: Ground out 3-1 (Groundball, 34, EV 90.6 MPH)
|
Bottom of the 7th over - 2 runs, 1 hit, 0 errors, 2 left on base; Milwaukee 4 - Cincinnati 5 |
TOP OF THE 8TH |
Milwaukee Brewers batting - Pitching for Cincinnati Reds : RHP Bruce Rondon
|
Pitching: RHP Raisel Iglesias
|
|
Pinch Hitting: RHB A.J. Pollock
|
0-0: Foul Ball, location: 2F 0-1: Ball 1-1: Foul Ball, location: 2F 1-2: Strikes out swinging
|
Batting: LHB Jon Jay
|
0-0: Ball 1-0: Swinging Strike 1-1: Ball 2-1: Foul Ball, location: 2F 2-2: Strikes out swinging
|
Batting: LHB Jeff McNeil
|
0-0: Swinging Strike 0-1: Ball 1-1: Foul Ball, location: 2F 1-2: Strikes out swinging
|
Top of the 8th over - 0 runs, 0 hits, 0 errors, 0 left on base; Milwaukee 4 - Cincinnati 5 |
BOTTOM OF THE 8TH |
Cincinnati Reds batting - Pitching for Milwaukee Brewers : RHP Joey Krehbiel
|
Pitching: RHP Robert Stock
|
|
Batting: LHB Ji-man Choi
|
0-0: Called Strike 0-1: Ball 1-1: Foul Ball, location: 2F 1-2: Strikes out swinging
|
Batting: RHB Trea Turner
|
0-0: Called Strike 0-1: Called Strike 0-2: Strikes out swinging
|
Batting: LHB Robinson Cano
|
0-0: Foul Ball, location: 2F 0-1: Called Strike 0-2: Strikes out swinging, 2-3 out at first.
|
Bottom of the 8th over - 0 runs, 0 hits, 0 errors, 0 left on base; Milwaukee 4 - Cincinnati 5 |
TOP OF THE 9TH |
Milwaukee Brewers batting - Pitching for Cincinnati Reds : RHP Raisel Iglesias
|
Pitching: RHP Richard Rodriguez
|
|
Batting: RHB Eugenio Suarez
|
0-0: Called Strike 0-1: Ball 1-1: Ball 2-1: Swinging Strike 2-2: Strikes out swinging
|
Batting: RHB Aaron Judge
|
0-0: Called Strike 0-1: Called Strike 0-2: Strikes out looking
|
Batting: LHB Eric Hosmer
|
0-0: Ball 1-0: Ball 2-0: Fly out, F8 (Flyball, 8RD, EV 102.5 MPH)
|
Top of the 9th over - 0 runs, 0 hits, 0 errors, 0 left on base; Milwaukee 4 - Cincinnati 5 |
|